 Dungeon Crawl Stone Soup version 0.30-a0-137-gd8773701ce (webtiles) character file.

Game seed: 1872258730118027531

126 billz999 the Shield-Bearer (level 4, -1/37 HPs)
             Began as a Demonspawn Fighter on Sept 21, 2022.
             Slain by a black bear (2 damage)
             ... on level 4 of the Dungeon.
             The game lasted 00:05:52 (2826 turns).

billz999 the Shield-Bearer (Demonspawn Fighter)     Turns: 2826, Time: 00:05:52

Health: -1/37      AC:  8    Str: 18    XL:     4   Next: 84%
Magic:  4/4        EV:  9    Int: 10    God:
Gold:   183        SH:  5    Dex: 12    Spells: 3/3 levels left

rFire   + . .      SeeInvis .    s - +2 spear (vorpal)
rCold   + . .      Faith    .    c - +0 buckler
rNeg    . . .      Spirit   .    b - +0 scale mail
rPois   +          Reflect  .    (no helmet)
rElec   +          Harm     .    (no cloak)
rCorr   +          Rampage  .    l - +0 pair of gloves
Will    .....                    i - +0 pair of boots
Stlth   ..........               (no amulet)
HPRegen 0.12/turn                (no ring)
MPRegen 0.18/turn                (no ring)

@: mighty, resistant
A: magic regeneration, demonic touch 2
a: no special abilities


You were on level 4 of the Dungeon.
You visited 1 branch of the dungeon, and saw 4 of its levels.

You collected 183 gold pieces.

Inventory:

Hand Weapons
 a - a +0 war axe
 s - a +2 vorpal spear (weapon)
Armour
 b - a +0 scale mail (worn)
 c - a +0 buckler (worn)
 i - a +0 pair of boots (worn)
 l - a +0 pair of gloves (worn)
Jewellery
 p - an amulet of regeneration
Scrolls
 f - 3 scrolls of enchant weapon
 h - a scroll of vulnerability {unknown}
 j - a scroll of identify
 k - a scroll of silence {unknown}
 r - a scroll of acquirement {unknown}
 t - a scroll of magic mapping
 u - a scroll of amnesia {unknown}
 w - 2 scrolls of teleportation {unknown}
Potions
 g - 2 potions of curing
 m - a potion of ambrosia {unknown}
 n - a potion of flight {unknown}
 o - a potion of attraction {unknown}
 v - a potion of degeneration {unknown}


   Skills:
 + Level 3.8 Fighting
 + Level 2.8 Axes
 - Level 2.6 Armour
 - Level 4.0 Shields


You had 3 spell levels left.
You didn't know any spells.
Your spell library contained the following spells:

 Spells                   Type           Power      Damage    Failure   Level
 Foxfire                  Conj/Fire      0%         2x1d4     83%         1
 Inner Flame              Hex/Fire       0%         N/A       99%         3
 Kindle Blastsparks       Fire/Tloc/Air  0%         2d10      99%         3
 Flame Wave               Conj/Fire      0%         2d4       100%        4


Dungeon Overview and Level Annotations

Branches:
Dungeon (4/15)
 Temple: D:4-7

Altars:


Innate Abilities, Weirdness & Mutations

You regenerate magic rapidly.
Your touch may inflict irresistible damage on your foes.


Message History

Press: ? - help, Dir - move target, f/p - black bear
Aim: a black bear (moderately wounded, about 30% to evade your +2 vorpal spear)
You hit the black bear but do no damage.
The black bear is moderately wounded.
The black bear bites you. The black bear barely misses you.
The black bear closely misses you.
It was a potion of resistance.
You feel protected. You block the black bear's attack.
The black bear claws you.
The black bear claws you but does no damage.
The black bear attacks as you move away!
The black bear bites you.
* * * LOW HITPOINT WARNING * * *
The black bear claws you.
* * * LOW HITPOINT WARNING * * *
The black bear misses you.
As you read the scroll labelled YRUEKOCLARU, it crumbles to dust.
You feel aware of your surroundings.
You sensed 7 altars.
It was a scroll of magic mapping.
The black bear bites you.
* * * LOW HITPOINT WARNING * * *
The black bear barely misses you. You block the black bear's attack.
There are no items here.
What are your orders? t - Shout!
Orders for allies: a - Attack new target. p - Attack previous target. r - Retreat! s - Stop attacking. g - Guard the area. f - Follow me.
Anything else - Cancel.
Okay, then.
Okay, then.
You feel very mighty all of a sudden. The black bear closely misses you.
The black bear barely misses you. The black bear claws you.
* * * LOW HITPOINT WARNING * * *
You puncture the black bear!
The black bear is heavily wounded.
The black bear bites you.
* * * LOW HITPOINT WARNING * * *
The black bear closely misses you. The black bear claws you.
You die...

**,*,,,,,*,*,* **,*,,
*,,**,,,**,,,* **,,,,,
*,,,**,*♣,,,,*****,***,,
*~~,,,,,.,~~,,,,,,,* *,,
*~~,,*♣♣.,~~*,****,***,,
******#.#*,,,,* **,,,,*
#.#****** ****,, #.# **,
#@# *, #h# **, #o# *,,
#o# *,, #o# *#####.. #.#
#####....... #.#
#........#,, ##.##
#<###.#$.#,,
******#...####.#
*...,...


You could see a black bear and 3 orcs.

Vanquished Creatures
  6 adders
  A gnoll (D:2)
  A worm (D:2)
  A dart slug (D:2)
  An orc (D:3)
  6 bats
  3 endoplasms
  A giant cockroach (D:1)
  5 goblins
  6 hobgoblins
  4 jackals (D:1)
  6 kobolds
  A quokka (D:1)
  8 ball pythons
  2 frilled lizards
  2 rats
54 creatures vanquished.

Notes
Turn   | Place    | Note
-------+----------+-------------------------------------------
     0 | D:1      | billz999 the Demonspawn Fighter began the quest for the
                  | Orb.
     0 | D:1      | Reached XP level 1. HP: 18/18 MP: 1/1
    81 | D:1      | Reached skill level 3 in Shields
    81 | D:1      | Gained mutation: Your touch may inflict minor irresistible
                  | damage on your foes. [demonic ancestry]
    81 | D:1      | Reached XP level 2. HP: 11/24 MP: 2/2
   266 | D:1      | Found a faded altar of an unknown god.
   918 | D:2      | Gained mutation: Your touch may inflict irresistible damage
                  | on your foes. [demonic ancestry]
   918 | D:2      | Reached XP level 3. HP: 20/29 MP: 3/3
  1541 | D:2      | Gained mutation: You regenerate magic rapidly. [demonic
                  | ancestry]
  1541 | D:2      | Reached XP level 4. HP: 30/35 MP: 4/4
  2299 | D:3      | Reached skill level 4 in Shields
  2796 | D:4      | Noticed a black bear
  2826 | D:4      | HP: 1/37 [black bear (6)]
  2826 | D:4      | Slain by a black bear

Illustrated notes

Levels and vault maps discovered:
D:1:      eino_arrival_water_star, layout_rooms,
          ebering_ecumenical_altar_sacrificial, serial_forest,
          infiniplex_forest_lined_3_way, infiniplex_forest_end_1,
          infiniplex_forest_lined_room_2, infiniplex_forest_straight_3
D:2:      layout_basic, minmay_octomino_e4
D:3:      layout_basic, minmay_fountain_box
D:4:      layout_loops_ring, grunt_temple_overflow_open,
          nicolae_elyvilon_peaceful_grove

Skill      XL: |  1  2  3  4 |
---------------+-------------+-----
Axes           | 2 |  2.8
Shields        | 3 4 |  4.0
Fighting       | |  3.8
Armour         | |  2.6

Action                   |  1- 3 |  4- 6 || total
-------------------------+-------+-------++-------
Melee: War axe           |    93 |    16 ||   109
       Spear             |       |    34 ||    34
Evoke: Wand              |     1 |     1 ||     2
  Use: Scroll            |       |     3 ||     3
       Potion            |       |     2 ||     2
Armor: Scale mail        |    52 |    23 ||    75
Dodge: Dodged            |    37 |    20 ||    57
Block: Buckler           |    23 |     9 ||    32

Table legend: (Time is in decaauts)
 A = Elapsed time spent in this place.
 B = Non-inter-level travel time spent in this place.
 C = Inter-level travel time spent in this place.
 D = Time resting spent in this place.
 E = Time spent auto-exploring this place.
 F = Levels seen in this place.
 G = Mean time per level.
                   A        B        C        D        E       F      G
               +--------+--------+--------+--------+--------+-----+--------+
         Total |   2874 |   2800 |     74 |    152 |   2185 |   4 |  718.5 |
       Dungeon |   2874 |   2800 |     74 |    152 |   2185 |   4 |  718.5 |
               +--------+--------+--------+--------+--------+-----+--------+

Top non-repeatable levels by time:
     D:2: 1356 daAuts
     D:3: 767 daAuts
     D:1: 715 daAuts
     D:4: 33 daAuts
